 Dungeon Crawl Stone Soup version 0.22-a0-407-gb098539 (webtiles) character file.

12999 emperorscorpion the Spear-Bearer (level 11, -11/101 HPs)
             Began as a Minotaur Berserker on May 10, 2018.
             Was an Elder of Trog.
             Mangled by a white ugly thing (25 damage)
             ... on level 14 of the Dungeon.
             The game lasted 00:09:15 (4889 turns).

emperorscorpion the Spear-Bearer (MiBe)             Turns: 4889, Time: 00:09:16

Health: -11/101    AC: 14    Str: 25    XL:     11   Next: 69%
Magic:  10/10      EV:  9    Int:  4    God:    Trog [****..]
Gold:   296        SH: 16    Dex: 10    Spells: 10/10 levels left

rFire    . . .     SeeInvis .   a - +4 trident (vamp)
rCold    . . .     Gourm    .   v - +0 large shield
rNeg     . . .     Faith    .   k - +3 chain mail {MR+}
rPois    .         Spirit   .   (helmet restricted)
rElec    .         Reflect  .   (no cloak)
rCorr    .         Harm     .   (no gloves)
MR       +....                  (no boots)
Stlth    ..........             (no amulet)
HPRegen  0.26/turn              (no ring)
MPRegen  0.12/turn              p - +2 ring of evasion

@: berserk cooldown, slowed, very slow
A: retaliatory headbutt, horns 2
a: Berserk, Trog's Hand, Brothers in Arms, Renounce Religion


You were on level 14 of the Dungeon.
You worshipped Trog.
Trog was greatly pleased with you.
You were hungry.

You visited 1 branch of the dungeon, and saw 14 of its levels.
You also visited: Ossuary.

You collected 296 gold pieces.

Inventory:

Hand Weapons
 a - a +4 vampiric trident (weapon)
 h - a +0 short sword
 l - a +0 falchion
Armour
 b - a +0 animal skin
 g - a +3 buckler
 k - a +3 chain mail of magic resistance (worn)
 v - a +0 large shield (worn)
Jewellery
 i - an uncursed ring of stealth
 m - an uncursed ring of flight
 p - a +2 ring of evasion (right hand)
 s - an uncursed ring of teleportation
 x - an uncursed ring of protection from fire
Wands
 u - a wand of flame (24)
 y - a wand of iceblast (17)
 z - a wand of paralysis (23)
Scrolls
 n - a scroll of magic mapping
 w - 2 scrolls of remove curse
 A - 3 scrolls of identify
 C - a scroll of fear
 D - 3 scrolls of teleportation
 F - a scroll of blinking {unknown}
Potions
 c - 3 potions of might
 d - 2 potions of haste
 e - 5 potions of curing
 f - 2 potions of magic
 j - 2 potions of brilliance {unknown}
 q - 2 potions of lignification
 r - 3 potions of heal wounds {unknown}
 t - 3 potions of mutation {unknown}
 E - a potion of cancellation {unknown}
Miscellaneous
 B - a box of beasts
Comestibles
 o - 3 rations
 G - 3 chunks of flesh


   Skills:
 + Level 10.7 Fighting
 - Level 4.2 Long Blades
 + Level 14.9 Polearms
 + Level 9.1 Armour
 + Level 4.9 Dodging
 + Level 2.0 Stealth
 + Level 6.6 Shields


You had 10 spell levels left.
You didn't know any spells.

Dungeon Overview and Level Annotations

Branches:
Dungeon (14/15)            Vaults (0/5) D:13
 Temple: D:4-7         Lair: D:8-11         Orc: D:9-12

Altars:
Hepliaklqana
Qazlal
Sif Muna
The Shining One


Innate Abilities, Weirdness & Mutations

You reflexively headbutt those who attack you in melee.
You have a pair of horns on your head.


Message History

The white ugly thing bites you. The white ugly thing freezes you!!
* * * LOW HITPOINT WARNING * * *
You are too injured to fight recklessly!
Your two-headed ogre goes berserk!
You feel quite a bit more hungry.
You block the white ugly thing's attack.
Your two-headed ogre barely misses the white ugly thing.
Your two-headed ogre hits the white ugly thing with a giant club!
The white ugly thing bites you.
* * * LOW HITPOINT WARNING * * *
The white ugly thing freezes you!
* * * LOW HITPOINT WARNING * * *
There is a glowing golden altar of the Shining One here.
Your two-headed ogre hits the white ugly thing but does no damage.
Your two-headed ogre misses the white ugly thing.
Unknown command.
The white ugly thing bites you.
* * * LOW HITPOINT WARNING * * *
The white ugly thing freezes you!!
You die...

...## ##
#u..# ....
##..# ....
#...# ....
#u..## ...
##.u..# ..
#####8....#
##
#...#.....#
#.@†......#
#.uO#.....#
#
#####8...##
# ##...# #
##..# #
#..# #### #
##..#
#..#####
##...#
#.......
#...##
#.......


You could see a white ugly thing and a friendly two-headed ogre (berserk).

Vanquished Creatures
  A vault guard (D:13)
  2 hydras (D:13)
  3 skeletal warriors (D:13)
  A wolf spider zombie (D:14)
  6 ugly things
  A deep elf mage (D:12)
  2 manticores (D:13)
  A cyclops (D:13)
  2 trolls (D:13)
  A meliai zombie (D:12)
  3 hippogriffs
  A wraith (Ossuary)
  8 yaks (D:12)
  A hungry ghost (D:13)
  An acid dragon (D:13)
  2 sky beasts (D:10)
  A black bear (D:7)
  An eye of draining (D:12)
  An ice beast (D:8)
  4 ogres
  A centaur (D:5)
  A wyvern skeleton (D:13)
  A scorpion (D:7)
  4 killer bees (D:7)
  4 howler monkeys
  3 crimson imps
  A bullfrog zombie (D:12)
  A centaur zombie (D:7)
  3 bullfrog skeletons
  2 orc priests
  3 hounds
  2 iguanas
  Ijyb (D:5)
  Terence (D:2)
  11 orc wizards
  7 worker ants
  2 big kobold zombies (Ossuary)
  3 mummies (Ossuary)
  2 adders
  2 shadow imps
  An adder zombie (D:7)
  A dart slug (D:3)
  3 leopard geckos
  19 orcs
  2 goblins
  3 hobgoblins
  9 jackals
  4 kobolds
  A quokka (D:3)
  A ball python (D:3)
  5 bats
  2 frilled lizards
  4 goblin zombies
  A hobgoblin zombie (Ossuary)
  5 kobold zombies (Ossuary)
  An orc zombie (Ossuary)
  A quokka zombie (D:4)
  5 rats
166 creatures vanquished.

Vanquished Creatures (others)
  A worker ant (D:9)
1 creature vanquished.

Grand Total: 167 creatures vanquished

Notes
Turn   | Place    | Note
-------+----------+-------------------------------------------
     0 | D:1      | emperorscorpion the Minotaur Berserker began the quest for the Orb.
     0 | D:1      | Reached XP level 1. HP: 19/19 MP: 0/0
   299 | D:2      | Noticed Terence
   304 | D:2      | Killed Terence
   304 | D:2      | Reached XP level 2. HP: 24/27 MP: 1/1
   304 | D:2      | Reached XP level 3. HP: 30/33 MP: 2/2
   571 | D:3      | Reached ** piety under Trog
   571 | D:3      | Reached skill level 1 in Polearms
   571 | D:3      | Reached XP level 4. HP: 40/41 MP: 3/3
   691 | D:3      | Reached skill level 5 in Fighting
   811 | D:3      | Found a hazy altar of Hepliaklqana.
   839 | D:3      | Reached skill level 2 in Polearms
   842 | D:3      | Reached XP level 5. HP: 48/48 MP: 4/4
   910 | D:4      | Found a sand-covered staircase.
   923 | Ossuary  | Entered an ossuary
   923 | Ossuary  | Noticed a wraith
   923 | Ossuary  | Noticed a wraith
   923 | Ossuary  | Noticed a wraith
   937 | Ossuary  | Reached skill level 3 in Polearms
   957 | Ossuary  | Reached *** piety under Trog
   977 | Ossuary  | Noticed a wraith
   980 | Ossuary  | Killed a wraith
   980 | Ossuary  | Reached skill level 4 in Polearms
   980 | Ossuary  | Reached XP level 6. HP: 56/56 MP: 5/5
  1203 | Ossuary  | Reached skill level 5 in Polearms
  1420 | D:5      | Entered Level 5 of the Dungeon
  1433 | D:5      | Noticed Ijyb
  1440 | D:5      | Reached skill level 1 in Shields
  1442 | D:5      | Reached XP level 7. HP: 59/61 MP: 6/6
  1452 | D:5      | Killed Ijyb
  1452 | D:5      | Reached skill level 6 in Polearms
  1584 | D:6      | Reached skill level 7 in Polearms
  1685 | D:7      | Reached skill level 1 in Stealth
  1705 | D:7      | Noticed a hippogriff
  1713 | D:7      | Killed a hippogriff
  1713 | D:7      | Reached skill level 8 in Polearms
  1713 | D:7      | Reached XP level 8. HP: 65/70 MP: 7/7
  1937 | D:7      | Reached skill level 9 in Polearms
  2302 | D:8      | Found a stormy altar of Qazlal.
  2493 | D:8      | Reached **** piety under Trog
  2493 | D:8      | Reached skill level 5 in Armour
  2548 | D:8      | Found a deep blue altar of Sif Muna.
  2726 | D:10     | Entered Level 10 of the Dungeon
  2756 | D:10     | Reached skill level 10 in Polearms
  2758 | D:10     | Reached XP level 9. HP: 78/78 MP: 8/8
  2974 | D:12     | Received a gift from Trog
  3060 | D:12     | Reached skill level 11 in Polearms
  3155 | D:12     | Noticed a brown ugly thing
  3168 | D:12     | Killed a brown ugly thing
  3234 | D:12     | Noticed a purple ugly thing
  3257 | D:12     | Killed a purple ugly thing
  3257 | D:12     | Reached skill level 12 in Polearms
  3257 | D:12     | Reached XP level 10. HP: 88/88 MP: 9/9
  3297 | D:12     | Noticed a deep elf mage
  3321 | D:12     | Killed a deep elf mage
  3690 | D:13     | Noticed a cyclops
  3691 | D:13     | Noticed an eight-headed hydra
  3695 | D:13     | Noticed a vault guard
  3696 | D:13     | Noticed a manticore
  3699 | D:13     | Killed an eight-headed hydra
  3699 | D:13     | Reached skill level 13 in Polearms
  3703 | D:13     | Killed a manticore
  3703 | D:13     | Reached skill level 5 in Shields
  3706 | D:13     | Killed a cyclops
  3709 | D:13     | Noticed a seven-headed hydra
  3714 | D:13     | Killed a vault guard
  3717 | D:13     | Killed a seven-headed hydra
  3717 | D:13     | Reached skill level 14 in Polearms
  3717 | D:13     | Reached XP level 11. HP: 97/97 MP: 10/10
  3748 | D:13     | Found a gate to the Vaults.
  3782 | D:13     | Noticed a skeletal warrior
  3783 | D:13     | Noticed a skeletal warrior
  3814 | D:13     | Killed a skeletal warrior
  3949 | D:13     | Noticed a skeletal warrior
  3983 | D:13     | Killed a skeletal warrior
  4222 | D:13     | Killed a skeletal warrior
  4222 | D:13     | Reached skill level 10 in Fighting
  4835 | D:14     | Found a glowing golden altar of the Shining One.
  4842 | D:14     | Noticed a red ugly thing
  4842 | D:14     | Noticed a red ugly thing
  4842 | D:14     | Noticed a red ugly thing
  4844 | D:14     | Noticed a red ugly thing
  4859 | D:14     | Killed a cyan ugly thing
  4861 | D:14     | Noticed a red ugly thing
  4865 | D:14     | Killed a red ugly thing
  4871 | D:14     | Killed a red ugly thing
  4882 | D:14     | Killed a white ugly thing
  4889 | D:14     | Mangled by a white ugly thing

Vault maps used:
D:1:      minmay_arrival_stair_chambers
D:2:      okawaru_ov_weapons_minmay, marbit_many_paths, first_ration,
          uniq_terence
D:3:      overflow_temple_1_default, st_stairs_4, kennysheep_generic_room_10
D:4:      enter_ossuary_4, uniq_eustachio
D:5:      lemuel_coloured_pillars_altar, kennysheep_doodads, uniq_ijyb
D:6:      zin_angel, nicolae_overflow_hidden_temple,
          minmay_temple_entry_butterflies, minivault_27
D:7:      kennysheep_generic_room_8
D:8:      lemuel_blue_sif_altar, grunt_dithmenos_smoke, grunt_qazlal_clouds,
          lair_entry_dummy, uniq_maurice
D:9:      kennysheep_little_box, nicolae_ru_great_annihilating_truth,
          fiery_altar_vehumet
D:11:     zombieorc1_lemuel, blue_anna_alchemist
D:12:     uniq_nergalle
D:13:     david_vaults_5, serial_shops, shop_statue, uniq_nessos, uniq_josephine
D:14:     minmay_bloctagon, serial_park_square1, minmay_misc_feat_alley,
          grunt_ministairs_14, nicolae_tso_carved_into_rock
Ossuary:  ossuary_kennysheep_city_of_the_dead

Skill      XL: |  1  2  3  4  5  6  7  8  9 10 11 |
---------------+----------------------------------+-----
Fighting       | 4 5 6 8 9 10 | 10.7
Long Blades    | 4 |  4.2
Polearms       | 1 2 4 5 8 10 12 14 | 14.9
Dodging        | 3 4 |  4.9
Armour         | 3 4 5 6 8 9 |  9.1
Shields        | 1 2 3 4 5 6 |  6.6
Stealth        | 1 2 |  2.0

Action                   |  1- 3 |  4- 6 |  7- 9 | 10-12 || total
-------------------------+-------+-------+-------+-------++-------
Melee: Falchion          |    17 |       |       |       ||    17
       Headbutt          |     8 |    15 |    44 |    39 ||   106
       Trident           |    22 |    93 |   270 |   234 ||   619
Invok: Berserk           |     1 |     2 |     2 |     3 ||     8
       Brothers in Arms  |       |       |       |     1 ||     1
  Use: Scroll            |     1 |     7 |     6 |       ||    14
  Eat: Chunk             |     1 |     3 |     9 |     9 ||    22
       Ration            |     1 |       |       |       ||     1
Armor: Animal skin       |     4 |       |       |       ||     4
       Chain mail        |     6 |    28 |    85 |    44 ||   163
Dodge: Dodged            |    17 |    19 |    60 |    44 ||   140
Block: Buckler           |     6 |     8 |    51 |    19 ||    84
       Large shield      |       |       |       |    50 ||    50
       Rpst.: Falchion   |     4 |       |       |       ||     4

Table legend:
 A = Spawn XP
 B = Non-spawn XP
 C = Spawn XP percentage of total XP
 D = Spawn monster count
 E = Non-spawn monster count
 F = Spawn count percentage of total count
 G = Total turns spent on level
                    A         B        C        D         E        F      G
               +---------+---------+-------+---------+---------+-------+---------
         Total |       0 |   18571 |   0.0 |       0 |     164 |   0.0 |  4889
               +---------+---------+-------+---------+---------+-------+---------
           D:1 |       0 |       7 |   0.0 |       0 |       6 |   0.0 |   273
           D:2 |       0 |      53 |   0.0 |       0 |       4 |   0.0 |   188
           D:3 |       0 |     216 |   0.0 |       0 |      31 |   0.0 |   432
           D:4 |       0 |       5 |   0.0 |       0 |       3 |   0.0 |    84
           D:5 |       0 |     428 |   0.0 |       0 |       5 |   0.0 |   104
           D:6 |       0 |     119 |   0.0 |       0 |       7 |   0.0 |    98
           D:7 |       0 |    1021 |   0.0 |       0 |      23 |   0.0 |   668
           D:8 |       0 |     413 |   0.0 |       0 |      12 |   0.0 |   327
           D:9 |       0 |     118 |   0.0 |       0 |       3 |   0.0 |   109
          D:10 |       0 |     416 |   0.0 |       0 |       5 |   0.0 |   120
          D:11 |       0 |     182 |   0.0 |       0 |       3 |   0.0 |   125
          D:12 |       0 |    4037 |   0.0 |       0 |      17 |   0.0 |   603
          D:13 |       0 |    8315 |   0.0 |       0 |      22 |   0.0 |  1036
          D:14 |       0 |    2923 |   0.0 |       0 |       9 |   0.0 |   279
       Ossuary |       0 |     318 |   0.0 |       0 |      14 |   0.0 |   443
               +---------+---------+-------+---------+---------+-------+---------
